Map: [ESL] Alcyone

Players

Dark

  • Race: Zerg Zerg
  • Spawn Location: 1:00

Maru - Winner!

  • Race: Terran Terran
  • Spawn Location: 7:00

Event: IEM Katowice 2024

VOD

Have the link to the VOD?

Description

Time

  • Played on: Feb. 10, 2024, 8:42 a.m.
  • Length: 13:38

All games in this series

Show
View Real Time Build Order
Export as new Build Order

Dark Zerg 

Build Orders: Hatch First 

Get SALT Encoding   

  12  0:00  Drone  
  13  0:12  Overlord  
  13  0:17  Drone  
  14  0:31  Drone x2  
  16  0:48  Hatchery  
  15  0:52  Drone  
  15  0:55  Drone  
  17  1:00  Drone  
  18  1:13  Spawning Pool  
  18  1:15  Drone  
  18  1:19  Drone  
  19  1:32  Drone  
  20  1:41  Hatchery  
  20  1:44  Drone  
  20  1:50  Drone  
  21  2:00  Queen  
  23  2:02  Zergling x4  
  25  2:09  Queen  
  25  2:15  Overlord  
  27  2:18  Drone  
  28  2:34  Drone x3  
  31  2:40  Overlord  
  31  2:47  Spore Crawler, Queen  
  31  2:53  Drone x2  
  31  2:58  Queen  
  35  2:59  Queen  
  35  3:00  Drone  
  35  3:05  Drone x2  
  40  3:06  Drone  
  40  3:09  Drone  
  42  3:13  Drone  
  42  3:16  Overlord  
  42  3:17  Drone  
  45  3:20  Drone  
  45  3:26  Drone x3  
  48  3:28  Drone  
  48  3:33  Overlord  
  49  3:40  Queen  
  49  3:41  Roach Warren  
  50  3:43  Drone x2  
  50  3:45  Drone  
  50  3:47  Drone  
  54  3:51  Drone x2, Extractor  
  54  3:52  Extractor  
  54  3:53  Drone x2  
  56  3:57  Drone  
  56  3:58  Drone  
  56  3:59  Drone  
  59  4:04  Queen  
  61  4:20  Queen  
  61  4:21  Queen  
  61  4:24  Zergling x8  
  64  4:25  Zergling x8  
  62  4:38  Roach x3  
  66  4:46  Overlord  
  66  4:47  Overlord  
  66  4:51  Overlord  
  65  4:57  Overlord  
  65  4:58  Overlord, Hatchery  
  64  5:01  Lair  
  64  5:02  Overlord  
  64  5:03  Drone, Queen  
  64  5:05  Drone x4  
  71  5:08  Drone  
  71  5:12  Drone  
  73  5:18  Drone x2  
  74  5:22  Drone  
  74  5:24  Queen  
  74  5:27  Drone x2  
  74  5:28  Extractor  
  78  5:29  Extractor, Drone  
  78  5:32  Drone x2  
  80  5:37  Drone x4  
  80  5:39  Queen  
  80  5:40  Drone x3  
  89  5:48  Evolution Chamber x2  
  87  5:51  Drone x3  
  87  5:54  Extractor x2  
  88  5:58  Glial Reconstitution  
  88  6:02  Overseer  
  92  6:04  Roach x5  
  92  6:05  Roach  
  92  6:11  Drone x2  
  101  6:13  Roach x5  
  111  6:22  Roach x3  
  117  6:26  Zerg Missile Weapons Level 1  
  117  6:30  Zerg Ground Armor Level 1  
  117  6:31  Overlord  
  117  6:33  Roach  
  117  6:35  Overlord x2  
  117  6:37  Overlord  
  117  6:39  Overlord  
  119  6:41  Overlord  
  119  6:44  Overlord  
  119  6:46  Overlord  
  119  6:48  Overlord  
  119  6:51  Roach  
  119  6:52  Roach x2  
  123  6:54  Roach x2  
  123  6:56  Roach  
  123  6:58  Roach  
  123  6:59  Roach  
  123  7:00  Roach  
  135  7:02  Roach  
  135  7:04  Roach  
  135  7:06  Roach  
  141  7:08  Roach x2  
  141  7:11  Roach x2  
  149  7:19  Metabolic Boost  
  149  7:21  Roach x2  
  153  7:25  Roach x2  
  153  7:28  Roach x3  
  163  7:35  Roach x2  
  167  7:37  Ravager x4  
  167  7:38  Overlord  
  167  7:40  Zergling x10  
  176  7:45  Zergling x8  
  176  7:48  Zergling x2  
  176  7:50  Zergling x6  
  182  7:53  Overlord  
  182  7:58  Zergling x12  
  186  8:00  Ravager x2  
  186  8:01  Overlord, Ravager  
  186  8:02  Overlord  
  191  8:14  Overlord x2  
  190  8:20  Roach  
  190  8:23  Roach x2  
  164  8:27  Roach x3  
  164  8:28  Roach x9  
  172  8:37  Roach x2  
  172  8:40  Roach x4  
  172  8:41  Roach x3  
  154  8:45  Roach  
  154  8:47  Roach x2  
  152  8:49  Zerg Missile Weapons Level 2  
  152  8:54  Zerg Ground Armor Level 2  
  152  9:09  Drone  
  153  9:11  Ravager  
  153  9:12  Ravager x2  
  153  9:14  Ravager  
  153  9:16  Drone x3, Hatchery  
  153  9:17  Drone x2  
  161  9:34  Roach  
  161  9:35  Zergling x20, Roach  
  174  9:42  Drone, Hatchery  
  174  9:54  Infestation Pit  
  174  9:55  Drone  
  174  9:56  Ravager x7  
  174  9:57  Extractor  
  174  9:59  Zergling x12  
  186  10:02  Ravager  
  186  10:04  Zergling x8  
  191  10:12  Ravager  
  191  10:13  Ravager  
  192  10:24  Overseer  
  192  10:28  Ravager x2  
  194  10:34  Zergling x6  
  184  10:46  Roach  
  184  10:47  Roach x4  
  184  10:48  Roach x3  
  170  10:52  Roach x4  
  170  10:53  Roach x5  
  184  11:00  Roach  
  184  11:02  Roach x5  
  166  11:08  Roach x4  
  174  11:13  Zergling x18  
  174  11:16  Roach x2  
  174  11:17  Hive  
  184  11:21  Zergling x8  
  184  11:25  Zerg Melee Weapons Level 1  
  188  11:27  Ravager x2  
  177  11:33  Roach x3  
  177  11:37  Roach x4  
  166  11:43  Zergling x26  
  166  11:46  Roach x2, Ravager  
  170  11:50  Roach  
  172  11:57  Roach x3  
  172  12:00  Roach x2  
  169  12:03  Zergling x2  
  169  12:04  Zergling x12  
  163  12:09  Zergling x2, Baneling Nest  
  163  12:10  Zergling x12  
  163  12:15  Zergling x6  
  170  12:21  Zergling x8  
  165  12:24  Zergling x2  
  165  12:26  Roach  
  165  12:27  Roach x2  
  165  12:28  Roach x2  
  158  12:32  Roach x2  
  158  12:33  Ravager x3  
  158  12:36  Ravager x5  
  166  12:38  Zergling x14  
  166  12:42  Ravager  
  166  12:43  Zergling x4  
  176  12:47  Zergling x10  
  173  12:52  Zergling x2  
  173  12:53  Zergling x2  
  156  13:03  Roach x2  
  111  13:16  Roach x14  
  132  13:20  Zergling x6  
Show
View Real Time Build Order
Export as new Build Order

Maru Terran - Winner!

Build Orders: Reaper Expand 

Get SALT Encoding   

  12  0:00  SCV  
  13  0:12  SCV  
  14  0:16  Supply Depot  
  14  0:24  SCV  
  15  0:38  SCV  
  15  0:39  Barracks  
  15  0:42  Refinery  
  16  0:50  SCV  
  17  1:02  SCV  
  18  1:14  SCV  
  19  1:26  Orbital Command, Reaper  
  20  1:37  Command Center  
  20  1:46  Supply Depot  
  20  1:52  SCV  
  21  1:58  Marine  
  22  2:04  SCV  
  23  2:09  Factory  
  23  2:16  SCV  
  23  2:22  Barracks Reactor  
  24  2:28  SCV  
  25  2:40  SCV  
  25  2:42  Command Center  
  26  2:52  SCV  
  26  2:53  Orbital Command  
  26  3:02  Cyclone x2  
  26  3:04  SCV  
  31  3:08  Refinery  
  31  3:16  SCV  
  31  3:19  SCV  
  33  3:29  SCV  
  33  3:31  SCV  
  35  3:34  Hellion  
  35  3:35  Hellion  
  35  3:41  SCV  
  40  3:43  SCV, Engineering Bay x2  
  41  3:51  Barracks Tech Lab  
  41  3:53  SCV  
  41  3:54  Orbital Command  
  42  3:55  SCV  
  42  4:01  Barracks  
  42  4:02  Hellion x2  
  47  4:05  SCV  
  47  4:08  SCV  
  49  4:17  SCV  
  49  4:20  SCV  
  49  4:22  SCV  
  50  4:26  Terran Infantry Weapons Level 1  
  50  4:27  Terran Infantry Armor Level 1  
  50  4:29  SCV  
  50  4:30  Hellion x2  
  53  4:32  SCV  
  53  4:34  SCV  
  55  4:41  SCV  
  55  4:42  Barracks  
  55  4:44  SCV  
  55  4:46  Stimpack, Marine, SCV  
  55  4:52  Supply Depot x2  
  57  4:53  SCV  
  57  4:54  Orbital Command  
  57  4:56  SCV  
  57  4:58  Refinery, Starport  
  59  5:00  Factory Reactor  
  59  5:05  SCV  
  60  5:08  Barracks, SCV, Refinery  
  60  5:11  Barracks  
  60  5:13  Marine  
  62  5:17  SCV  
  59  5:21  SCV  
  59  5:23  Marine x2  
  59  5:24  SCV  
  63  5:29  Barracks Reactor  
  63  5:31  Marine, SCV  
  63  5:33  Armory, SCV  
  66  5:36  SCV  
  66  5:41  Marine  
  68  5:43  SCV, Supply Depot  
  68  5:44  Supply Depot  
  68  5:45  Medivac x2  
  68  5:46  SCV  
  68  5:48  SCV  
  75  5:52  Marine x2  
  75  5:54  Factory Tech Lab  
  77  6:00  Barracks Reactor x2  
  77  6:03  Supply Depot  
  77  6:04  SCV x3  
  77  6:06  Marine x3  
  77  6:07  Supply Depot  
  77  6:08  Supply Depot  
  77  6:10  Marine  
  84  6:14  Marine  
  84  6:16  Siege Tank  
  84  6:17  SCV x3  
  91  6:23  Marine  
  92  6:26  Combat Shield, Marine x2  
  92  6:28  Marine  
  92  6:29  Supply Depot, SCV x3  
  92  6:30  Supply Depot  
  98  6:33  Terran Infantry Weapons Level 2  
  98  6:41  SCV x3  
  98  6:43  Command Center, Refinery x2  
  98  6:45  Medivac  
  98  6:46  Marine x4  
  107  6:51  Marine x2  
  107  6:52  Siege Tank  
  107  6:53  SCV  
  113  6:57  SCV  
  113  6:58  SCV  
  113  7:00  Supply Depot  
  115  7:02  Supply Depot  
  115  7:05  SCV  
  115  7:06  Supply Depot  
  116  7:09  Marine x3, SCV  
  116  7:11  Marine  
  116  7:12  Missile Turret, Marine  
  116  7:14  Terran Infantry Armor Level 2  
  116  7:15  Terran Vehicle Weapons Level 1  
  122  7:17  Marine x2  
  122  7:20  Supply Depot  
  122  7:22  Marine x2  
  125  7:24  Siege Tank  
  125  7:27  Marine x2  
  130  7:32  Marine x2  
  130  7:35  SCV  
  132  7:40  Medivac x2  
  132  7:41  Barracks, Factory  
  132  7:42  Barracks  
  132  7:43  Barracks  
  136  7:45  Supply Depot, SCV x2  
  136  7:49  Marine x3  
  141  7:56  SCV  
  141  7:57  SCV x2  
  144  8:01  Marine x2  
  144  8:02  Siege Tank, Marauder  
  144  8:04  Command Center  
  151  8:10  Sensor Tower  
  151  8:13  Supply Depot  
  151  8:15  SCV  
  152  8:21  SCV x2  
  152  8:23  Marauder  
  136  8:28  SCV  
  136  8:30  Marine  
  136  8:31  Marine x6  
  136  8:33  SCV x2  
  124  8:34  Siege Tank  
  124  8:38  Marine  
  124  8:39  Marine x2  
  124  8:40  SCV  
  106  8:45  SCV  
  106  8:48  Orbital Command, Marine  
  103  8:49  Marine  
  103  8:58  Marine x4  
  103  8:59  Marine x2  
  108  9:05  SCV x2  
  112  9:15  Siege Tank, Marine x3  
  112  9:16  Factory Tech Lab, Marine x2  
  118  9:17  Marine, SCV x2  
  118  9:21  SCV  
  122  9:26  Marine x3  
  122  9:27  Marine  
  122  9:29  SCV  
  127  9:36  Siege Tank, Marine x6  
  127  9:37  Marine  
  137  9:44  Marine  
  138  9:46  Terran Infantry Weapons Level 3, SCV  
  138  9:47  Siege Tank, Supply Depot  
  138  9:49  Orbital Command  
  142  9:54  SCV x2  
  142  9:58  SCV  
  142  9:59  Marine  
  146  10:01  Terran Infantry Armor Level 3  
  146  10:05  Planetary Fortress, Supply Depot  
  146  10:06  SCV  
  147  10:08  Siege Tank  
  147  10:10  SCV x2  
  147  10:12  Supply Depot  
  152  10:18  Barracks Tech Lab x2, SCV  
  152  10:19  Barracks Tech Lab  
  152  10:20  Siege Tank  
  154  10:22  SCV  
  154  10:24  Marine  
  156  10:31  Missile Turret  
  156  10:32  Medivac  
  156  10:33  Medivac  
  160  10:36  Marauder, Marine  
  160  10:37  SCV  
  160  10:40  Siege Tank  
  161  10:45  SCV  
  161  10:46  SCV  
  161  10:47  SCV  
  161  10:49  SCV  
  146  10:56  Marine x2  
  152  10:57  SCV, Marauder x2  
  152  10:58  SCV  
  152  10:59  SCV  
  152  11:01  SCV  
  152  11:03  Siege Tank  
  148  11:07  Medivac  
  148  11:11  Concussive Shells  
  149  11:12  Siege Tank  
  149  11:14  Marauder  
  149  11:15  Supply Depot  
  149  11:16  Supply Depot, Medivac  
  149  11:17  Marine  
  156  11:23  Marine  
  156  11:24  Marauder x3  
  163  11:29  Marine  
  153  11:34  Marine x4  
  153  11:35  Marauder  
  153  11:36  Marine x2  
  153  11:37  Medivac  
  137  11:41  Marine  
  137  11:44  Marine  
  137  11:45  Marauder x2  
  136  11:47  Marine  
  136  11:52  Marine x4  
  139  11:54  Marine x2  
  139  11:57  Marauder  
  139  11:59  Marine  
  129  12:02  SCV, Marine  
  129  12:05  Marine, SCV x2  
  129  12:06  Marauder, Marine  
  135  12:10  Siege Tank x2, Marine x4  
  135  12:11  SCV  
  135  12:15  SCV  
  147  12:17  Marine  
  147  12:18  Marauder, Marine  
  147  12:21  Marauder  
  148  12:23  SCV  
  148  12:24  Medivac x2  
  148  12:27  Marauder, Marine x2  
  148  12:28  Marine  
  155  12:35  Supply Depot  
  155  12:36  Supply Depot  
  154  12:39  Marauder, Marine x2  
  158  12:46  Marine  
  158  12:47  Marauder x2, Marine  
  158  12:49  Marine  
  158  12:50  Marauder, Marine  
  162  12:51  Marine  
  162  12:54  Medivac  
  162  12:58  Marine x2  
  160  12:59  Marine  
  160  13:01  Marauder  
  160  13:04  Marine x2  
  140  13:07  Marine x2  
  121  13:14  Marine  
  121  13:15  Marauder x2  

Tags
 
Add a new tag
Caveats
  • Supply blocks, unpowered buildings, or Contaminate may cause inaccurate times.
  • Supply counts are checked every 10 seconds.